 Dungeon Crawl Stone Soup version 0.25-a0-667-gb977e01 (webtiles) character file.

Game seed: 7466589240447081952, levelgen mode: deterministic

744 rednit the Chiller (level 7, -5/46 HPs)
             Began as a Merfolk Ice Elementalist on Mar 26, 2020.
             Was an Initiate of Sif Muna.
             Slain by Menkaure (8 damage)
             ... on level 6 of the Dungeon on Mar 27, 2020.
             The game lasted 00:46:05 (6926 turns).

rednit the Chiller (Merfolk Ice Elementalist)       Turns: 6926, Time: 00:46:06

Health: -5/46      AC: 11    Str:  9    XL:     7   Next: 76%
Magic:  10/13      EV: 16    Int: 16    God:    Sif Muna [......]
Gold:   271        SH:  0    Dex: 14    Spells: 3/14 levels left

rFire    . . .     SeeInvis .   d - +0 spear (flame)
rCold    . . .     Gourm    .   (no shield)
rNeg     . . .     Faith    .   a - +0 robe
rPois    .         Spirit   .   (no helmet)
rElec    .         Reflect  .   r - +0 cloak
rCorr    .         Harm     .   j - +0 pair of gloves
MR       .....                  i - +0 pair of boots
Stlth    ++........             A - amulet of magic regeneration
HPRegen  0.15/turn              x - +1 ring of evasion
MPRegen  0.38/turn              (no ring)

@: icy armour, frozen ramparts
A: change form in water, swift swim, stealthy swim
a: Renounce Religion


You were on level 6 of the Dungeon.
You worshipped Sif Muna.
Sif Muna was noncommittal.
You were very hungry.

You visited 2 branches of the dungeon, and saw 7 of its levels.

You collected 271 gold pieces.

Inventory:

Hand Weapons
 b - a +0 dagger
 d - a +0 spear of flaming (weapon)
Missiles
 k - 28 sling bullets (quivered)
Armour
 a - a +0 robe (worn)
 i - a +0 pair of boots (worn)
 j - a +0 pair of gloves (worn)
 q - a +0 leather armour
 r - a +0 cloak (worn)
Magical Staves
 w - an uncursed staff of poison
Jewellery
 x - a +1 ring of evasion (left hand)
 A - an amulet of magic regeneration (around neck)
 E - an uncursed ring of ice {unknown}
Wands
 y - a wand of flame (17)
Scrolls
 e - a scroll of noise {unknown}
 f - a scroll of fear {unknown}
 g - a scroll of immolation {unknown}
 h - 3 scrolls of teleportation {unknown}
 l - a scroll of random uselessness {unknown}
 n - 2 scrolls of enchant armour {unknown}
 p - 2 scrolls of remove curse
 v - 2 scrolls of enchant weapon {unknown}
 B - 4 scrolls of fog {unknown}
 D - a scroll of identify
Potions
 m - a potion of curing {unknown}
 o - 2 potions of stabbing {unknown}
 s - 2 potions of flight {unknown}
 t - a potion of degeneration {unknown}
 u - a potion of might
 z - a potion of resistance {unknown}
 C - a potion of haste {unknown}
Comestibles
 c - 8 rations


   Skills:
 * Level 5.9 Polearms
 * Level 5.9 Dodging
 - Level 2.1 Stealth
 - Level 4.1 Spellcasting
 + Level 0.5 Charms
 + Level 0.4 Summonings
 - Level 6.2 Ice Magic


You had 3 spell levels left.
You knew the following spells:

 Your Spells              Type           Power        Failure   Level  Hunger
a - Freeze                Ice            ###.         1%          1    None
b - Frozen Ramparts       Ice            ###...       3%          3    ###....
c - Ozocubu's Armour      Chrm/Ice       ##......     13%         3    ###....
d - Summon Ice Beast      Ice/Summ       ##......     38%         4    ####...

Your spell library contained the following spells:

 Spells                   Type           Power        Failure   Level  Hunger
 Hailstorm                Conj/Ice       ##......     43%         4    ####...


Dungeon Overview and Level Annotations

Branches:
Dungeon (6/15)             Temple (1/1) D:4

Altars:
Cheibriados
Dithmenos
Elyvilon
Fedhas
Gozag
Makhleb
Nemelex Xobeh
Okawaru
Qazlal
Ru
Sif Muna
Trog
Uskayaw
Vehumet
Xom
Yredelemnul
Zin
The Shining One

Shops:
D:5 }

Annotations:
D:6 Menkaure


Message History

Menkaure resists.
The wall freezes Menkaure.
Menkaure completely misses you.
You hit Menkaure but do no damage.
Menkaure is moderately damaged.
Menkaure resists.
The wall freezes Menkaure.
Menkaure calls on the powers of darkness!
Your body is wracked with pain!
You hit Menkaure. You burn Menkaure.
Menkaure is heavily damaged.
Menkaure resists.
The wall freezes Menkaure.
Menkaure hits you!
* * * LOW HITPOINT WARNING * * *
You barely miss Menkaure.
Menkaure is severely damaged.
Menkaure resists.
The wall freezes Menkaure.
Menkaure closely misses you.
You hit Menkaure. You burn Menkaure.
Menkaure is severely damaged.
Menkaure resists.
The wall freezes Menkaure.
Menkaure closely misses you.
You hit Menkaure but do no damage.
Menkaure is almost destroyed.
Menkaure resists.
The wall freezes Menkaure.
Menkaure hits you!
You die...

##. #.. #.#
#.# #.# # #.#
# ###..##.#.#
.......@..#
......#M###
##.....#.#
##.....##.##
##..........##
#............#
#
#............#
.
#............#
# #.......<..#


You could see Menkaure.

Vanquished Creatures
  An ice beast (D:4)
  An ogre (D:6)
  A bullfrog (D:6)
  A crimson imp (D:6)
  2 bullfrog zombies (D:6)
  2 jellies (D:5)
  A hound (D:4)
  An orc wizard (D:4)
  A bullfrog skeleton (D:4)
  2 worker ants
  An iguana (D:6)
  3 adders
  3 river rats (D:4)
  A shadow imp (D:5)
  An ooze (D:1)
  3 worms
  3 dart slugs (D:1)
  6 leopard geckos
  7 orcs
  8 bats
  5 giant cockroaches
  7 goblins
  8 hobgoblins
  2 quokkas (D:2)
  2 ball pythons
  5 frilled lizards
  4 kobolds
  3 rats
85 creatures vanquished.

Vanquished Creatures (collateral kills)
  3 gnolls (D:5)
3 creatures vanquished.

Grand Total: 88 creatures vanquished

Notes
Turn   | Place    | Note
-------+----------+-------------------------------------------
     0 | D:1      | rednit the Merfolk Ice Elementalist began the quest for the
                  | Orb.
     0 | D:1      | Reached XP level 1. HP: 13/13 MP: 3/3
   205 | D:1      | Reached XP level 2. HP: 16/19 MP: 1/5
   986 | D:1      | Reached XP level 3. HP: 14/24 MP: 3/6
  1255 | D:1      | Reached skill level 5 in Ice Magic
  1990 | D:2      | Reached XP level 4. HP: 28/30 MP: 4/8
  2068 | D:2      | Learned a level 3 spell: Frozen Ramparts
  2663 | D:3      | Reached skill level 1 in Polearms
  2921 | D:3      | You fall into a shaft and drop 1 floor!
  2962 | D:4      | Reached XP level 5. HP: 18/35 MP: 2/10
  3505 | D:4      | Found a basalt altar of Yredelemnul.
  3534 | D:4      | Reached skill level 6 in Ice Magic
  3534 | D:4      | Reached XP level 6. HP: 25/41 MP: 2/11
  3539 | D:4      | Learned a level 3 spell: Ozocubu's Armour
  3661 | D:4      | Learned a level 4 spell: Summon Ice Beast
  3736 | D:4      | Found a staircase to the Ecumenical Temple.
  3743 | Temple   | Entered the Ecumenical Temple
  3758 | Temple   | Upgraded the game from 0.25-a0-665-ga69d640 to
                  | 0.25-a0-667-gb977e01
  3758 | Temple   | Became a worshipper of Sif Muna the Loreminder
  3824 | D:4      | Found a shadowy altar of Dithmenos.
  3824 | D:4      | Noticed an ice beast
  3855 | D:4      | Killed an ice beast
  4254 | D:5      | Entered Level 5 of the Dungeon
  4413 | D:5      | Found a sacrificial altar of Ru.
  4814 | D:5      | Reached XP level 7. HP: 33/46 MP: 13/13
  5223 | D:5      | Found Keham's Gadget Emporium.
  5673 | D:6      | Noticed Menkaure
  5694 | D:6      | Reached skill level 5 in Polearms
  5793 | D:6      | Reached skill level 5 in Dodging
  6297 | D:6      | Found an opulent altar of Gozag.
  6700 | D:6      | Found a glowing silver altar of Zin.
  6923 | D:6      | HP: 2/46 [Menkaure (17)]
  6926 | D:6      | Slain by Menkaure

Levels and vault maps discovered:
D:1:      minmay_arrival_checkered_box, layout_basic,
          chequers_serial_rivers_room_b, minivault_23
D:2:      layout_loops_ring
D:3:      layout_loops_ring, chequers_ecumenical_altar_island,
          uniq_crazy_yiuf_cottage
D:4:      layout_rooms, kennysheep_mini, old_standard_altar,
          minmay_temple_entry_gardened_gates, portal_sewer_entry_e,
          first_ration, due_unseen_surprise
D:5:      layout_layer_cave, serial_shops, shop, nicolae_ru_the_path_less_chosen
D:6:      layout_loops_ring, old_standard_altar, nicolae_overflow_crystal_walls,
          grunt_gozag_statues, uniq_menkaure
Temple:   nicolae_temple_no_exploring_needed

Skill      XL: |  1  2  3  4  5  6  7 |
---------------+----------------------+-----
Ice Magic      | 5 6 |  6.2
Spellcasting   | 3 4 |  4.1
Polearms       | 1 3 4 5 |  5.9
Dodging        | 4 5 |  5.9
Stealth        | |  2.1
Charms         | |  0.5
Summonings     | |  0.4

Action                   |  1- 3 |  4- 6 |  7- 9 || total
-------------------------+-------+-------+-------++-------
Melee: Unarmed           |    17 |       |       ||    17
       Dagger            |     4 |       |       ||     4
       Spear             |     3 |   182 |    78 ||   263
       Tailslap          |       |     3 |       ||     3
Throw: Stone             |    27 |     8 |       ||    35
 Cast: Freeze            |    57 |     4 |       ||    61
       Frozen Ramparts   |       |     9 |     4 ||    13
       Ozocubu's Armour  |       |     3 |     3 ||     6
       Summon Ice Beast  |       |     1 |       ||     1
  Use: Scroll            |     1 |     1 |     3 ||     5
       Potion            |     1 |     1 |       ||     2
 Stab: Sleeping          |     1 |     5 |     2 ||     8
  Eat: Chunk             |     3 |    10 |     4 ||    17
       Ration            |       |     1 |       ||     1
Armor: Robe              |    13 |    45 |    12 ||    70
Dodge: Dodged            |    66 |   128 |    27 ||   221

Table legend:
 A = Non-vault XP
 B = Vault XP
 C = Vault XP percentage of total XP
 D = Non-vault monster count
 E = Vault monster count
 F = Vault count percentage of total count
                 A         B        C        D         E       F
            +---------+---------+-------+---------+---------+-------
      Total |    1005 |      58 |   5.5 |      80 |       8 |   9.1
            +---------+---------+-------+---------+---------+-------
        D:1 |      45 |       0 |   0.0 |      18 |       0 |   0.0
        D:2 |      56 |       0 |   0.0 |      22 |       0 |   0.0
        D:3 |      19 |       0 |   0.0 |       9 |       0 |   0.0
        D:4 |     329 |      58 |  15.0 |      13 |       8 |  38.1
        D:5 |     135 |       0 |   0.0 |      11 |       0 |   0.0
        D:6 |     421 |       0 |   0.0 |       7 |       0 |   0.0
            +---------+---------+-------+---------+---------+-------
